 Dungeon Crawl Stone Soup version 0.21.0-30-g47ce8e4 (webtiles) character file.

1191 wojtek the Reanimator (level 8, -2/52 HPs)
             Began as a Demonspawn Necromancer on Jan 29, 2018.
             Slain by a phantom (6 damage)
             ... on level 6 of the Dungeon.
             The game lasted 00:15:22 (8772 turns).

wojtek the Reanimator (Demonspawn Necromancer)      Turns: 8772, Time: 00:15:23

Health: -2/52      AC:  8    Str:  8    XL:     8   Next: 20%
Magic:  16/16      EV: 12    Int: 20    God:
Gold:   320        SH:  0    Dex: 15    Spells: 16/17 levels left

rFire    + + +     SeeInvis .   B - +0 rapier
rCold    . . .     Gourm    .   (no shield)
rNeg     . . .     Faith    .   a - +0 robe
rPois    .         Spirit   .   (no helmet)
rElec    +         Reflect  .   q - +0 cloak
rCorr    .         Harm     .   z - +0 pair of gloves
MR       .....                  (no boots)
Stlth    ++........             (no amulet)
HPRegen  0.17/turn              n - ring of protection from fire
MPRegen  0.15/turn              r - ring of protection from fire

@: drained
A: molten scales 3, clever 1, demonic guardian 1, electricity resistance
a: no special abilities


You were on level 6 of the Dungeon.
You were hungry.

You visited 1 branch of the dungeon, and saw 6 of its levels.
You also visited: Sewer.

You collected 320 gold pieces.

Inventory:

Hand Weapons
 f - a +0 dagger
 j - a +0 short sword
 o - a +1 whip of draining
 B - a +0 rapier (weapon)
Armour
 a - a +0 robe (worn)
 q - a +0 cloak (worn)
 z - a +0 pair of gloves (worn)
Magical Staves
 u - an uncursed staff of power
Jewellery
 n - a ring of protection from fire (left hand)
 r - a ring of protection from fire (right hand)
 y - an uncursed ring of fire {unknown}
 C - an uncursed ring of protection from fire
Wands
 A - a wand of flame (38)
 F - a wand of polymorph (18)
Scrolls
 d - 5 scrolls of teleportation {unknown}
 e - 2 scrolls of identify {unknown}
 h - a scroll of noise {unknown}
 k - a scroll of blinking {unknown}
 v - a scroll of fear {unknown}
 x - 3 scrolls of remove curse {unknown}
 E - a scroll of magic mapping {unknown}
 H - a scroll of summoning {unknown}
Potions
 g - a potion of resistance {unknown}
 i - a potion of brilliance
 l - a potion of agility {unknown}
 m - a potion of heal wounds
 p - 4 potions of flight
 s - 2 potions of mutation
 t - a potion of degeneration {unknown}
 w - a potion of might {unknown}
Books
 b - a book of Necromancy

   Spells                             Type                      Level
   a - Pain                           Necromancy                   1
   b - Animate Skeleton               Necromancy                   1
   c - Vampiric Draining              Necromancy                   3
   d - Regeneration                   Charms/Necromancy            3
   e - Animate Dead                   Necromancy                   4
   f - Borgnjor's Vile Clutch         Necromancy/Earth             5
 D - a book of Minor Magic

   Spells                             Type                      Level
   a - Magic Dart                     Conjuration                  1
   b - Blink                          Translocation                2
   c - Call Imp                       Summoning                    2
   d - Slow                           Hexes                        2
   e - Conjure Flame                  Conjuration/Fire             3
   f - Mephitic Cloud                 Conjuration/Poison/Air       3
Comestibles
 c - 8 rations


   Skills:
 - Level 1.7(1.3) Dodging
 - Level 1.7(1.3) Stealth
 + Level 5.4(4.9) Spellcasting
 + Level 9.8(9.2) Necromancy


You had 16 spell levels left.
You knew the following spells:

 Your Spells              Type           Power        Failure   Level  Hunger
a - Pain                  Necr           ####         1%          1    None


Dungeon Overview and Level Annotations

Branches:
Dungeon (6/15)
 Temple: D:4-7

Altars:
Okawaru
Qazlal

Shops:
D:4 [

Annotations:
D:2 Sigmund
D:3 exclusion: 2 doors


Innate Abilities, Weirdness & Mutations

You are completely covered in molten scales. (AC +4, rF+)
A weak demonic guardian rushes to your aid.
Your mind is acute. (Int +2)
You are resistant to electric shocks. (rElec)


Message History

Your white imp closely misses the crimson imp.
Your shadow imp hits the crimson imp.
The crimson imp hits your shadow imp but does no damage.
Your white imp barely misses the crimson imp.
Your shadow imp completely misses the crimson imp.
The crimson imp hits your shadow imp.
Your white imp gestures at the crimson imp.
The puff of frost hits the crimson imp.
The crimson imp is frozen!
You hit the phantom.
The phantom is lightly damaged.
Your shadow imp closely misses the crimson imp.
The crimson imp hits your shadow imp.
Your shadow imp dies!
The phantom blinks!
Your white imp closely misses the crimson imp.
Your white imp misses the crimson imp.
You hit the crimson imp but do no damage.
The crimson imp is moderately wounded.
The phantom hits you.
You die...

#.............>.########.
#..........##...........ยง
#.............#..........
######...................
#.........###..........
#(.....5..###..........
#........[[.)..........
#.....5W..###..........
#.....@.5.# #..........
#.........# #..........
#.........# #..........
########### ###########


You could see a phantom, a crimson imp, a friendly iron imp and a friendly white
imp.

Vanquished Creatures
  An ogre (D:5)
  A bullfrog (D:5)
  A water moccasin skeleton (D:5)
  A scorpion (D:5)
  A howler monkey (D:5)
  2 centaur zombies
  An orc wizard (D:5)
  Crazy Yiuf (D:2)
  An iguana (D:6)
  3 worker ants
  A killer bee zombie (D:5)
  A hound skeleton (D:4)
  6 adders
  A howler monkey skeleton (D:5)
  2 shadow imps (D:5)
  3 worms
  3 dart slugs
  2 leopard geckos (D:5)
  9 orcs
  8 bats
  6 giant cockroaches
  10 goblins
  12 hobgoblins
  13 jackals
  3 quokkas
  2 ball pythons (D:3)
  4 frilled lizards
  A jackal skeleton (D:4)
  11 kobolds
  A quokka skeleton (D:5)
  5 rats
117 creatures vanquished.

Vanquished Creatures (collateral kills)
  Eustachio (D:4)
  Purgy (Sewer)
  A necrophage (D:5)
  A sky beast (D:5)
  A centaur (D:6)
  A scorpion (D:6)
  A crimson imp (D:6)
  A centaur zombie (D:6)
  An adder (D:6)
  An adder skeleton (D:6)
10 creatures vanquished.

Grand Total: 127 creatures vanquished

Notes
Turn   | Place    | Note
-------+----------+-------------------------------------------
     0 | D:1      | wojtek the Demonspawn Necromancer began the quest for the Orb.
     0 | D:1      | Reached XP level 1. HP: 13/13 MP: 3/3
   482 | D:1      | Gained mutation: You are partially covered in molten scales. (AC +2) [demonic ancestry]
   482 | D:1      | Reached XP level 2. HP: 17/19 MP: 1/5
   795 | D:1      | Reached skill level 5 in Necromancy
  1516 | D:1      | Reached XP level 3. HP: 17/24 MP: 1/6
  2077 | D:1      | Reached skill level 6 in Necromancy
  2562 | D:2      | Gained mutation: A weak demonic guardian rushes to your aid. [demonic ancestry]
  2562 | D:2      | Reached XP level 4. HP: 29/30 MP: 4/7
  2840 | D:2      | Found a runed door.
  2844 | D:2      | Noticed Crazy Yiuf
  2848 | D:2      | Killed Crazy Yiuf
  3131 | D:2      | Noticed Sigmund
  3163 | D:3      | Found a glowing drain.
  3203 | Sewer    | Entered a sewer
  3384 | Sewer    | Noticed Purgy
  3393 | Sewer    | Killed Purgy
  3393 | Sewer    | Reached skill level 7 in Necromancy
  3393 | Sewer    | Gained mutation: You are mostly covered in molten scales. (AC +3) [demonic ancestry]
  3393 | Sewer    | Reached XP level 5. HP: 3/35 MP: 0/8
  5237 | D:4      | Found Muevive Ilixt's Antique Armour Shop.
  5343 | D:4      | Gained mutation: You are completely covered in molten scales. (AC +4, rF+) [demonic ancestry]
  5343 | D:4      | Reached XP level 6. HP: 40/41 MP: 9/9
  5435 | D:4      | Noticed Eustachio
  5449 | D:4      | Killed Eustachio
  5449 | D:4      | Reached skill level 8 in Necromancy
  5848 | D:5      | Entered Level 5 of the Dungeon
  6322 | D:5      | Found a stormy altar of Qazlal.
  6323 | D:5      | Noticed a sky beast
  6334 | D:5      | Reached XP level 7. HP: 39/46 MP: 7/12
  6536 | D:5      | Found an iron altar of Okawaru.
  7797 | D:6      | Reached skill level 9 in Necromancy
  8306 | D:5      | Reached skill level 5 in Spellcasting
  8359 | D:5      | Reached XP level 8. HP: 35/52 MP: 7/15
  8689 | D:6      | Gained mutation: Your mind is acute. (Int +2) [potion of mutation]
  8689 | D:6      | Gained mutation: You are resistant to electric shocks. (rElec) [potion of mutation]
  8763 | D:6      | HP: 2/52 [phantom (7)]
  8772 | D:6      | Slain by a phantom

Skill      XL: |  1  2  3  4  5  6  7 |
---------------+----------------------+-----
Necromancy     | 5 6 7 8 9 |  9.8
Spellcasting   | 3 5 |  5.4
Dodging        | |  1.7
Stealth        | |  1.7

Action                   |  1- 3 |  4- 6 |  7- 9 || total
-------------------------+-------+-------+-------++-------
Melee: Unarmed           |     2 |       |       ||     2
       Dagger            |    19 |       |       ||    19
       Short sword       |    41 |    63 |       ||   104
       Rapier            |       |    46 |   110 ||   156
 Cast: Pain              |    67 |    81 |    56 ||   204
  Use: Potion            |       |       |     6 ||     6
 Stab: Sleeping          |     1 |     4 |       ||     5
       Distracted        |       |     1 |       ||     1
  Eat: Chunk             |     6 |     9 |     4 ||    19
       Ration            |       |     1 |     1 ||     2
Armor: Robe              |    27 |    83 |    61 ||   171
Dodge: Dodged            |    55 |   116 |   114 ||   285
